| TOP OF THE 1ST |
|
Lynn Sailors batting - Pitching for Pawtucket Paw Sox : RHP Wayne Anderson
|
|
Pitching: RHP Wayne Anderson
|
|
|
Batting: SHB Bip Roberts
|
0-0: Ball 1-0: Foul Ball, location: 2F 1-1: TRIPLE (Flyball, 89XD, EV 111.9 MPH)
|
|
Batting: RHB Ron Wotus
|
0-0: Called Strike 0-1: Ball 1-1: Ball 2-1: Ball 3-1: Foul Ball, location: 2F 3-2: Base on Balls
|
|
Batting: RHB Mike Rubel
|
0-0: Ball 1-0: Ball 2-0: Ball 3-0: Base on Balls Ron Wotus to second
|
|
Batting: RHB Ken Gerhart
|
0-0: Called Strike 0-1: SINGLE (Flyball, 56D, EV 98.1 MPH) Bip Roberts scores Ron Wotus to third Mike Rubel to second
|
|
Batting: RHB Mike Reddish
|
0-0: Called Strike 0-1: Grounds into double play, 6-4-3 (Groundball, 6, EV 87.5 MPH) Ron Wotus scores Mike Rubel to third
|
|
Batting: RHB Jorge Hinojosa
|
0-0: Foul Ball, location: 2F 0-1: Foul Ball, location: 2F 0-2: Ball 1-2: Reached on error, E6 (Flyball, 56D, EV 83.8 MPH) Mike Rubel scores
|
|
Batting: RHB Vinny Jaramillo
|
0-0: Ball 1-0: Called Strike 1-1: Ball 2-1: Swinging Strike 2-2: Ball 3-2: Base on Balls Jorge Hinojosa to second
|
|
Batting: SHB Danny Gans
|
0-0: Called Strike 0-1: Swinging Strike 0-2: Strikes out swinging
|
| Top of the 1st over - 3 runs, 2 hits, 1 error, 2 left on base; Lynn 3 - Pawtucket 0 |
| BOTTOM OF THE 1ST |
|
Pawtucket Paw Sox batting - Pitching for Lynn Sailors : RHP David Cone
|
|
Pitching: RHP David Cone
|
|
|
Batting: LHB Jeff Stone
|
0-0: Called Strike 0-1: Ball 1-1: Foul Ball, location: 2F 1-2: Foul Ball, location: 2F 1-2: Strikes out swinging
|
|
Batting: RHB Shooty Babitt
|
0-0: DOUBLE (Groundball, 5L, EV 98.1 MPH)
|
|
Batting: SHB Phil Ouellette
|
0-0: Called Strike Shooty Babitt steals 3rd base 0-1: Ball 1-1: Fly out, F3 (Line Drive, 3, EV 70.6 MPH)
|
|
Batting: SHB Orestes Destrade
|
0-0: Ball 1-0: Ball 2-0: Called Strike 2-1: Foul Ball, location: 2F 2-2: Foul Ball, location: 2F 2-2: Foul Ball, location: 2F 2-2: Ball 3-2: Foul Ball, location: 2F 3-2: Base on Balls
|
|
Batting: RHB Brick Smith
|
0-0: Called Strike 0-1: Ball 1-1: Ball 2-1: Fly out, F4 (Flyball, 3D, EV 93.8 MPH)
|
| Bottom of the 1st over - 0 runs, 1 hit, 0 errors, 2 left on base; Lynn 3 - Pawtucket 0 |
| TOP OF THE 2ND |
|
Lynn Sailors batting - Pitching for Pawtucket Paw Sox : RHP Wayne Anderson
|
|
Batting: RHB Ezequiel Carrasco
|
0-0: Foul Ball, location: 2F 0-1: Called Strike 0-2: Foul Ball, location: 2F 0-2: Strikes out swinging
|
|
Batting: SHB Bip Roberts
|
0-0: Called Strike 0-1: Ball 1-1: Foul Ball, location: 2F 1-2: Ball 2-2: Ball 3-2: Fly out, F8 (Flyball, 78M, EV 85.0 MPH)
|
|
Batting: RHB Ron Wotus
|
0-0: Ball 1-0: Ground out 4-3 (Groundball, 4M, EV 81.3 MPH)
|
| Top of the 2nd over - 0 runs, 0 hits, 0 errors, 0 left on base; Lynn 3 - Pawtucket 0 |
| BOTTOM OF THE 2ND |
|
Pawtucket Paw Sox batting - Pitching for Lynn Sailors : RHP David Cone
|
|
Batting: LHB Steven Garcia
|
0-0: Ball 1-0: Called Strike 1-1: Ground out 4-3 (Groundball, 34D, EV 110.0 MPH)
|
|
Batting: LHB David Wiggins
|
0-0: Swinging Strike 0-1: Foul Ball, location: 2F 0-2: Ball 1-2: Foul Ball, location: 2F 1-2: Ball 2-2: Foul Ball, location: 2F 2-2: Ball 3-2: Fly out, F9 (Flyball, 9S, EV 88.1 MPH)
|
|
Batting: RHB Dave Malpeso
|
0-0: Foul Ball, location: 2F 0-1: SINGLE (Groundball, 4MD, EV 93.8 MPH)
|
|
Batting: RHB Lenny Faedo
|
0-0: Ball 1-0: SINGLE (Groundball, 56S, EV 61.3 MPH) (infield hit) Dave Malpeso to second
|
|
Batting: LHB Jeff Stone
|
0-0: Ball 1-0: Called Strike 1-1: Swinging Strike 1-2: Fly out, F5 (Line Drive, 5, EV 72.5 MPH)
|
| Bottom of the 2nd over - 0 runs, 2 hits, 0 errors, 2 left on base; Lynn 3 - Pawtucket 0 |
| TOP OF THE 3RD |
|
Lynn Sailors batting - Pitching for Pawtucket Paw Sox : RHP Wayne Anderson
|
|
Batting: RHB Mike Rubel
|
0-0: Foul Ball, location: 2F 0-1: Ball 1-1: Foul Ball, location: 2F 1-2: Ball 2-2: Ground out 2-3 (Groundball, 15S, EV 74.4 MPH)
|
|
Batting: RHB Ken Gerhart
|
0-0: Called Strike 0-1: Called Strike 0-2: Strikes out swinging passed ball, reaches first!
|
|
Batting: RHB Mike Reddish
|
0-0: Ball 1-0: Called Strike 1-1: Called Strike 1-2: Strikes out swinging
|
|
Batting: RHB Jorge Hinojosa
|
0-0: Ball 1-0: SINGLE (Line Drive, 56D, EV 98.1 MPH) Ken Gerhart to second
|
|
Batting: RHB Vinny Jaramillo
|
0-0: Swinging Strike 0-1: Swinging Strike 0-2: Ball 1-2: Ball 2-2: Fly out, F8 (Flyball, 8LD, EV 87.5 MPH)
|
| Top of the 3rd over - 0 runs, 1 hit, 0 errors, 2 left on base; Lynn 3 - Pawtucket 0 |
| BOTTOM OF THE 3RD |
|
Pawtucket Paw Sox batting - Pitching for Lynn Sailors : RHP David Cone
|
|
Batting: RHB Shooty Babitt
|
0-0: Fly out, F7 (Line Drive, 7, EV 84.4 MPH)
|
|
Batting: SHB Phil Ouellette
|
0-0: Called Strike 0-1: Ball 1-1: Foul Ball, location: 2F 1-2: Fly out, F7 (Flyball, 78M, EV 90.0 MPH)
|
|
Batting: SHB Orestes Destrade
|
0-0: Ball 1-0: Ball 2-0: Ball 3-0: Called Strike 3-1: Base on Balls
|
|
Batting: RHB Brick Smith
|
0-0: Called Strike 0-1: Ball 1-1: Swinging Strike 1-2: Ball 2-2: Ball 3-2: Foul Ball, location: 2F 3-2: Foul Ball, location: 2F 3-2: Strikes out swinging
|
| Bottom of the 3rd over - 0 runs, 0 hits, 0 errors, 1 left on base; Lynn 3 - Pawtucket 0 |
| TOP OF THE 4TH |
|
Lynn Sailors batting - Pitching for Pawtucket Paw Sox : RHP Wayne Anderson
|
|
Batting: SHB Danny Gans
|
0-0: Ball 1-0: Foul Ball, location: 2F 1-1: Ball 2-1: Ball 3-1: SINGLE (Line Drive, 6D, EV 110.0 MPH)
|
|
Batting: RHB Ezequiel Carrasco
|
0-0: Called Strike 0-1: Ball 1-1: Ball 2-1: Grounds into double play, 6-4-3 (Groundball, 6M, EV 83.1 MPH)
|
|
Batting: SHB Bip Roberts
|
0-0: Ball 1-0: Swinging Strike 1-1: Ball 2-1: Ground out U3 (Groundball, 3, EV 93.1 MPH)
|
| Top of the 4th over - 0 runs, 1 hit, 0 errors, 0 left on base; Lynn 3 - Pawtucket 0 |
| BOTTOM OF THE 4TH |
|
Pawtucket Paw Sox batting - Pitching for Lynn Sailors : RHP David Cone
|
|
Batting: LHB Steven Garcia
|
0-0: Ground out 4-3 (Groundball, 4, EV 104.4 MPH)
|
|
Batting: LHB David Wiggins
|
0-0: Ball 1-0: Ball 2-0: Foul Ball, location: 2F 2-1: Ball 3-1: Foul Ball, location: 2F 3-2: Base on Balls
|
|
Batting: RHB Dave Malpeso
|
0-0: Ball 1-0: Ball 2-0: Called Strike 2-1: Grounds into double play, 5-4-3 (Groundball, 56S, EV 91.3 MPH)
|
| Bottom of the 4th over - 0 runs, 0 hits, 0 errors, 0 left on base; Lynn 3 - Pawtucket 0 |
| TOP OF THE 5TH |
|
Lynn Sailors batting - Pitching for Pawtucket Paw Sox : RHP Wayne Anderson
|
|
Batting: RHB Ron Wotus
|
0-0: Foul Ball, location: 2F 0-1: Foul Ball, location: 2F 0-2: Ball 1-2: Ball 2-2: Ball 3-2: Ground out 6-3 (Groundball, 56D, EV 98.1 MPH)
|
|
Batting: RHB Mike Rubel
|
0-0: Called Strike 0-1: Ball 1-1: Ball 2-1: Ball 3-1: Foul Ball, location: 2F 3-2: Ground out 6-3 (Groundball, 6, EV 104.4 MPH)
|
|
Batting: RHB Ken Gerhart
|
0-0: Called Strike 0-1: Ball 1-1: Foul Ball, location: 2F 1-2: Ball 2-2: Strikes out swinging
|
| Top of the 5th over - 0 runs, 0 hits, 0 errors, 0 left on base; Lynn 3 - Pawtucket 0 |
| BOTTOM OF THE 5TH |
|
Pawtucket Paw Sox batting - Pitching for Lynn Sailors : RHP David Cone
|
|
Batting: RHB Lenny Faedo
|
0-0: Called Strike 0-1: Ball 1-1: Bunt missed! 1-2: Ground out 4-3 (Groundball, 4S, EV 74.4 MPH)
|
|
Batting: LHB Jeff Stone
|
0-0: Swinging Strike 0-1: Ball 1-1: Ball 2-1: Ball 3-1: Ground out U3 (Groundball, 3S, EV 83.1 MPH)
|
|
Batting: RHB Shooty Babitt
|
0-0: Called Strike 0-1: Ball 1-1: Ball 2-1: Ball 3-1: Base on Balls
|
|
Batting: SHB Phil Ouellette
|
0-0: Called Strike 0-1: Ball 1-1: Swinging Strike 1-2: Ball 2-2: Ball Wild Pitch! Shooty Babitt to second 3-2: Base on Balls
|
|
Batting: SHB Orestes Destrade
|
0-0: Ball 1-0: Ball 2-0: Called Strike 2-1: Ball 3-1: Base on Balls Shooty Babitt to third Phil Ouellette to second
|
|
Batting: RHB Brick Smith
|
0-0: Swinging Strike 0-1: Ball 1-1: Ball 2-1: Ball 3-1: SINGLE (Line Drive, 7S, EV 103.1 MPH) Shooty Babitt scores Phil Ouellette to third Orestes Destrade to second Runner from 3rd tries for Home, SAFE, throw by LF to home
|
|
Batting: LHB Steven Garcia
|
0-0: Ball Wild Pitch! Orestes Destrade to third Brick Smith to second 1-0: Ball 2-0: Called Strike 2-1: Foul Ball, location: 2F 2-2: Strikes out swinging
|
| Bottom of the 5th over - 2 runs, 1 hit, 0 errors, 2 left on base; Lynn 3 - Pawtucket 2 |
| TOP OF THE 6TH |
|
Lynn Sailors batting - Pitching for Pawtucket Paw Sox : RHP Wayne Anderson
|
|
Batting: RHB Mike Reddish
|
0-0: Swinging Strike 0-1: Swinging Strike 0-2: Ball 1-2: Fly out, F8 (Flyball, 8RS, EV 93.1 MPH)
|
|
Pitching: RHP Chris Lein
|
|
|
Batting: RHB Jorge Hinojosa
|
0-0: Foul Ball, location: 2F 0-1: SINGLE (Line Drive, 5D, EV 97.5 MPH)
|
|
Batting: RHB Vinny Jaramillo
|
0-0: Swinging Strike 0-1: Ball 1-1: Ball 2-1: Swinging Strike 2-2: Foul Ball, location: 2F 2-2: Strikes out swinging Jorge Hinojosa is caught stealing 2nd base 2-4 Batter strikes out.
|
| Top of the 6th over - 0 runs, 1 hit, 0 errors, 0 left on base; Lynn 3 - Pawtucket 2 |
| BOTTOM OF THE 6TH |
|
Pawtucket Paw Sox batting - Pitching for Lynn Sailors : RHP David Cone
|
|
Batting: LHB David Wiggins
|
0-0: Called Strike 0-1: Ball 1-1: Foul Ball, location: 2F 1-2: Ball 2-2: Ball 3-2: Base on Balls
|
|
Pitching: RHP Dennis Sandoval
|
|
|
Batting: RHB Dave Malpeso
|
0-0: Ball 1-0: Ball 2-0: Called Strike 2-1: Foul Ball, location: 2F 2-2: Strikes out swinging
|
|
Batting: RHB Lenny Faedo
|
0-0: Swinging Strike 0-1: Ball 1-1: 2-RUN HOME RUN (Flyball, 89XD, EV 86.9 MPH), Distance : 399 ft
|
|
Batting: LHB Jeff Stone
|
0-0: Ground out 4-3 (Groundball, 4, EV 101.3 MPH)
|
|
Batting: RHB Shooty Babitt
|
0-0: Called Strike 0-1: Ground out 4-3 (Groundball, 4M, EV 106.3 MPH)
|
| Bottom of the 6th over - 2 runs, 1 hit, 0 errors, 0 left on base; Lynn 3 - Pawtucket 4 |
| TOP OF THE 7TH |
|
Lynn Sailors batting - Pitching for Pawtucket Paw Sox : RHP Chris Lein
|
|
Batting: SHB Danny Gans
|
0-0: Ball 1-0: Ball 2-0: Ball 3-0: Called Strike 3-1: Foul Ball, location: 2F 3-2: Strikes out swinging
|
|
Batting: RHB Ezequiel Carrasco
|
0-0: Foul Ball, location: 2F 0-1: Swinging Strike 0-2: Ball 1-2: Foul Ball, location: 2F 1-2: Ball 2-2: DOUBLE (Line Drive, 7LM, EV 101.9 MPH)
|
|
Batting: SHB Bip Roberts
|
0-0: Hit by Pitch
|
|
Batting: RHB Ron Wotus
|
0-0: Foul Ball, location: 2F 0-1: Ball 1-1: Ball 2-1: Fly out, F3 (Popup, 3F, EV 60.6 MPH)
|
|
Batting: RHB Mike Rubel
|
0-0: Called Strike 0-1: Ball 1-1: Ball 2-1: Ball 3-1: Called Strike 3-2: Foul Ball, location: 2F 3-2: Foul Ball, location: 2F 3-2: Base on Balls Ezequiel Carrasco to third Bip Roberts to second
|
|
Batting: RHB Ken Gerhart
|
0-0: Ball 1-0: Ball 2-0: Fly out, F8 (Flyball, 78XD, EV 109.4 MPH)
|
| Top of the 7th over - 0 runs, 1 hit, 0 errors, 3 left on base; Lynn 3 - Pawtucket 4 |
| BOTTOM OF THE 7TH |
|
Pawtucket Paw Sox batting - Pitching for Lynn Sailors : RHP Dennis Sandoval
|
|
Batting: SHB Phil Ouellette
|
0-0: Ball 1-0: Foul Ball, location: 2F 1-1: Fly out, F8 (Flyball, 8RS, EV 96.9 MPH)
|
|
Batting: SHB Orestes Destrade
|
0-0: Ball 1-0: Foul Ball, location: 2F 1-1: Foul Ball, location: 2F 1-2: Fly out, F7 (Flyball, 7D, EV 78.8 MPH)
|
|
Batting: RHB Brick Smith
|
0-0: Ball 1-0: Ball 2-0: Fly out, F2 (Popup, 15S, EV 90.0 MPH)
|
| Bottom of the 7th over - 0 runs, 0 hits, 0 errors, 0 left on base; Lynn 3 - Pawtucket 4 |
| TOP OF THE 8TH |
|
Lynn Sailors batting - Pitching for Pawtucket Paw Sox : RHP Chris Lein
|
|
Batting: RHB Mike Reddish
|
0-0: Fly out, F7 (Flyball, 7LS, EV 90.0 MPH)
|
|
Batting: RHB Jorge Hinojosa
|
0-0: Ball 1-0: Ball 2-0: Ball 3-0: Called Strike 3-1: SINGLE (Flyball, 78S, EV 92.5 MPH)
|
|
Pitching: RHP Joe Thomas
|
|
|
Batting: RHB Vinny Jaramillo
|
0-0: Sac Bunt to 5S - play at first, batter OUT! 5-4 Jorge Hinojosa to second
|
|
Batting: SHB Danny Gans
|
0-0: Called Strike 0-1: Foul Ball, location: 2F 0-2: Foul Ball, location: 2F 0-2: Ball 1-2: Ball 2-2: Ground out 6-3 (Groundball, 6, EV 81.3 MPH)
|
| Top of the 8th over - 0 runs, 1 hit, 0 errors, 1 left on base; Lynn 3 - Pawtucket 4 |
| BOTTOM OF THE 8TH |
|
Pawtucket Paw Sox batting - Pitching for Lynn Sailors : RHP Dennis Sandoval
|
|
Batting: LHB Steven Garcia
|
0-0: Ball 1-0: Called Strike 1-1: Called Strike 1-2: Ground out 5-3 (Groundball, 56S, EV 85.0 MPH)
|
|
Batting: LHB David Wiggins
|
0-0: Called Strike 0-1: Ball 1-1: Foul Ball, location: 2F 1-2: Foul Ball, location: 2F 1-2: TRIPLE (Flyball, 78XD, EV 106.9 MPH)
|
|
Batting: RHB Dave Malpeso
|
0-0: Intentional Walk
|
|
Batting: RHB Lenny Faedo
|
0-0: Swinging Strike 0-1: Ball 1-1: Ball 2-1: Ball 3-1: Foul Ball, location: 2F 3-2: Strikes out looking
|
|
Batting: LHB Jeff Stone
|
0-0: Ground out U3 (Groundball, 3L, EV 86.9 MPH)
|
| Bottom of the 8th over - 0 runs, 1 hit, 0 errors, 2 left on base; Lynn 3 - Pawtucket 4 |
| TOP OF THE 9TH |
|
Lynn Sailors batting - Pitching for Pawtucket Paw Sox : RHP Joe Thomas
|
|
Pitching: RHP Terry McAnnally
|
|
|
Now at 1B: Ted Cox
|
|
|
Now in RF: Joseph Baciotti
|
|
|
Pinch Hitting: LHB Tony Merulla
|
0-0: Called Strike 0-1: Ball 1-1: Ball 2-1: Ball 3-1: Base on Balls
|
|
Batting: SHB Bip Roberts
|
0-0: Ball 1-0: Called Strike 1-1: Foul Ball, location: 2F 1-2: Grounds into double play, 5-4-3 (Groundball, 5, EV 104.4 MPH)
|
|
Batting: RHB Ron Wotus
|
0-0: Called Strike 0-1: Ball 1-1: Ground out 4-3 (Groundball, 34, EV 83.8 MPH)
|
| Top of the 9th over - 0 runs, 0 hits, 0 errors, 0 left on base; Lynn 3 - Pawtucket 4 |
|